 Dungeon Crawl Stone Soup version 0.30-a0-29-g142975f185 (webtiles) character file.

Game seed: 14086124009713345631

50 xian the Trooper (level 3, 0/29 HPs)
             Began as a Demonspawn Fighter on Aug 26, 2022.
             Slain by Sigmund
             ... wielding a +0 scythe
              (1 damage)
             ... on level 2 of the Dungeon.
             The game lasted 00:03:39 (2265 turns).

xian the Trooper (Demonspawn Fighter)               Turns: 2265, Time: 00:03:39

Health: 0/29       AC:  7    Str: 18    XL:     3   Next: 55%
Magic:  3/3        EV: 10    Int:  9    God:
Gold:   60         SH:  4    Dex: 12    Spells: 2/2 levels left

rFire   . . .      SeeInvis .    a - +0 trident
rCold   . . .      Faith    .    c - +0 buckler
rNeg    . . .      Spirit   .    b - +0 scale mail
rPois   .          Reflect  .    (no helmet)
rElec   .          Harm     .    m - +0 cloak
rCorr   .          Rampage  .    (no gloves)
Will    .....                    (no boots)
Stlth   +.........               (no amulet)
HPRegen 0.09/turn                p - ring of wizardry
MPRegen 0.08/turn                (no ring)

@: mighty
A: sturdy frame 2
a: no special abilities


You were on level 2 of the Dungeon.
You visited 1 branch of the dungeon, and saw 2 of its levels.

You collected 60 gold pieces.

Inventory:

Hand Weapons
 a - a +0 trident (weapon)
Missiles
 j - 2 poisoned darts (quivered)
Armour
 b - a +0 scale mail (worn)
 c - a +0 buckler (worn)
 m - a +0 cloak (worn)
Jewellery
 p - a ring of wizardry (left hand)
Wands
 o - a wand of acid (14)
Scrolls
 f - 5 scrolls of identify {unknown}
 g - a scroll of amnesia {unknown}
 h - a scroll of poison {unknown}
 i - a scroll of brand weapon {unknown}
 k - a scroll of teleportation {unknown}
Potions
 l - a potion of invisibility {unknown}
 n - a potion of heal wounds {unknown}


   Skills:
 + Level 3.2 Fighting
 + Level 2.4 Polearms
 + Level 3.1 Armour
 + Level 0.4 Dodging
 + Level 3.1 Shields


You had 2 spell levels left.
You didn't know any spells.
Your spell library contained the following spells:

 Spells                   Type           Power      Damage    Failure   Level
 Apportation              Tloc           0%         N/A       32%         1
 Necrotise                Necr           0%         1d4       32%         1
 Summon Small Mammal      Summ           0%         N/A       32%         1
 Tukima's Dance           Hex            0%         N/A       65%         3
 Passage of Golubria      Tloc           0%         N/A       95%         4
 Yara's Violent Unravell  Hex/Tmut       0%         3d3       100%        5


Dungeon Overview and Level Annotations

Branches:
Dungeon (2/15)

Altars:

Annotations:
D:2 Sigmund


Innate Abilities, Weirdness & Mutations

Your movements are less encumbered by armour. (ER -4)


Message History

You barely miss Sigmund.
Sigmund is lightly wounded.
You bump into the rock wall.
Sigmund hits you with a +0 scythe.
You bump into the rock wall.
You feel less confused. Sigmund hits you with a +0 scythe.
You closely miss Sigmund.
Sigmund is lightly wounded.
Sigmund points at you and mumbles some strange words.
You are confused.
Okay, then.
You puncture Sigmund!
Sigmund is heavily wounded.
Sigmund gestures at you while chanting. The magic dart hits you.
You bump into the rock wall.
Sigmund hits you with a +0 scythe.
You bump into the rock wall.
You closely miss Sigmund.
Sigmund is heavily wounded.
Sigmund closely misses you.
You barely miss Sigmund.
Sigmund is heavily wounded.
Sigmund hits you with a +0 scythe.
* * * LOW HITPOINT WARNING * * *
You feel less confused.
Sigmund points at you and mumbles some strange words.
You are confused.
You bump into the rock wall.
Sigmund hits you from afar with a +0 scythe!
* * * LOW HITPOINT WARNING * * *
You bump into the rock wall.
Sigmund barely misses you.
You feel very mighty all of a sudden. Sigmund barely misses you.
You bump into the rock wall.
You miss Sigmund.
Sigmund is moderately wounded.
You feel less confused. Sigmund hits you with a +0 scythe.
You die...

..........# #.....#
#.....
####......######.....#
#.....
#...........'.....#
#.....
####......######.....#
#..... ..........#
#.....# #.....
####......# #.....#
#..... ####.#.#
#.##### #..... #.#.#
#.# ###### #.#.# #@# #
#.#.# #@# #.#.# #.#
#.# #.# #.# #.# #.#
.(# #.# ### #.# #.#


You could see Sigmund.

Vanquished Creatures
  3 dart slugs
  4 bats
  2 endoplasms (D:1)
  A giant cockroach (D:2)
  5 goblins
  2 hobgoblins
  2 quokkas
  6 ball pythons
  4 frilled lizards
  9 kobolds
  3 rats
41 creatures vanquished.

Notes
Turn   | Place    | Note
-------+----------+-------------------------------------------
     0 | D:1      | xian the Demonspawn Fighter began the quest for the Orb.
     0 | D:1      | Reached XP level 1. HP: 18/18 MP: 1/1
   231 | D:1      | Gained mutation: Your movements are slightly less
                  | encumbered by armour. (ER -2) [demonic ancestry]
   231 | D:1      | Reached XP level 2. HP: 22/24 MP: 2/2
   931 | D:1      | Gained mutation: Your movements are less encumbered by
                  | armour. (ER -4) [demonic ancestry]
   931 | D:1      | Reached XP level 3. HP: 23/29 MP: 3/3
  2244 | D:2      | Noticed Sigmund
  2260 | D:2      | HP: 1/29 [Sigmund/+0 scythe (7)]
  2265 | D:2      | Slain by Sigmund

Illustrated notes

Levels and vault maps discovered:
D:1:      dpeg_arrival_round_b, layout_loops_ring, glass_columns_a
D:2:      layout_basic, kennysheep_generic_room_14, uniq_sigmund

Skill      XL: |  1  2 |
---------------+-------+-----
Shields        | 3 |  3.1
Armour         | 3 |  3.1
Polearms       | 2 |  2.4
Fighting       | |  3.2
Dodging        | |  0.4

Action                   || total
-------------------------++-------
Melee: Trident           ||   150
Throw: Javelin           ||     3
  Use: Potion            ||     1
Armor: Scale mail        ||    87
Dodge: Dodged            ||    78
Block: Buckler           ||    47

Table legend: (Time is in decaauts)
 A = Elapsed time spent in this place.
 B = Non-inter-level travel time spent in this place.
 C = Inter-level travel time spent in this place.
 D = Time resting spent in this place.
 E = Time spent auto-exploring this place.
 F = Levels seen in this place.
 G = Mean time per level.
                   A        B        C        D        E       F      G
               +--------+--------+--------+--------+--------+-----+--------+
         Total |   2301 |   2260 |     41 |      0 |   1524 |   2 | 1150.5 |
       Dungeon |   2301 |   2260 |     41 |      0 |   1524 |   2 | 1150.5 |
               +--------+--------+--------+--------+--------+-----+--------+

Top non-repeatable levels by time:
     D:1: 1334 daAuts
     D:2: 967 daAuts
